 Dungeon Crawl Stone Soup version 0.20.1-1-g8b1a95d (webtiles) character file.

371 homeworkjunkie the Chopper (level 6, -7/53 HPs)
             Began as a Hill Orc Fighter on Nov 29, 2017.
             Was an Initiate of Okawaru.
             Mangled by an orc warrior
             ... wielding a +0 flail
              (17 damage)
             ... on level 5 of the Dungeon.
             The game lasted 00:08:54 (3513 turns).

homeworkjunkie the Chopper (Hill Orc Fighter)       Turns: 3513, Time: 00:08:55

Health: -7/53      AC: 15    Str: 21    XL:     6   Next: 70%
Magic:  6/6        EV:  9    Int:  8    God:    Okawaru [......]
Gold:   239        SH:  9    Dex: 10    Spells: 5/5 levels left

rFire    . . .     SeeInvis .   a - +1 war axe
rCold    . . .     Gourm    .   c - +0 shield
rNeg     . . .     Faith    .   o - +4 scale mail
rPois    .         Spirit   .   p - +2 helmet
rElec    .         Reflect  .   e - +0 cloak
rCorr    .         Harm     .   (no gloves)
MR       .....                  (no boots)
Stlth    ..........             (no amulet)
Regen    0.2/turn               j - +1 ring of evasion
MPRegen  0.1/turn               n - ring of flight

@: no status effects
A: no striking features
a: Renounce Religion, Evoke Flight


You were on level 5 of the Dungeon.
You worshipped Okawaru.
Okawaru was noncommittal.
You were full.

You visited 1 branch of the dungeon, and saw 6 of its levels.

You collected 239 gold pieces.

Inventory:

Hand Weapons
 a - a +1 war axe (weapon)
Armour
 c - a +0 shield (worn)
 e - a +0 cloak (worn)
 o - a +4 scale mail (worn)
 p - a +2 helmet (worn)
 s - a +2 scale mail of fire resistance
Jewellery
 j - a +1 ring of evasion (left hand)
 n - a ring of flight (right hand)
Wands
 r - a wand of disintegration (14/24)
Scrolls
 q - 2 scrolls of remove curse
 u - a scroll of identify
Potions
 b - 2 potions of lignification {unknown}
 d - 2 potions of might
 g - a potion of agility
 h - 2 potions of ambrosia
 k - a potion of magic {unknown}
 l - a potion of mutation
Comestibles
 f - 4 bread rations
 m - 2 royal jellies
 t - a meat ration


   Skills:
 * Level 4.3 Fighting
 * Level 5.8 Axes
 * Level 4.8 Armour
 + Level 0.7 Dodging
 + Level 0.5 Stealth
 * Level 4.8 Shields


You had 5 spell levels left.
You didn't know any spells.

Dungeon Overview and Level Annotations

Branches:
Dungeon (6/15)
 Temple: D:4-7

Altars:
Okawaru
Sif Muna
Vehumet
Zin

Shops:
D:4 !


Message History

The jackal completely misses you.
The orc warrior hits you but does no damage.
There is a stone staircase leading up here.
Things that are here:
a flail; a chain mail The jackal bites you but does no damage.
The jackal misses you. The orc warrior hits you with a flail!
* * * LOW HITPOINT WARNING * * *
You climb upwards.
There is a stone staircase leading down here.
You hit the orc warrior.
The orc warrior is heavily wounded.
You closely miss the jackal. The jackal barely misses you.
The orc warrior barely misses you.
You barely miss the orc warrior.
The orc warrior is heavily wounded.
You barely miss the jackal.
The jackal bites you but does no damage.
You block the jackal's attack. The orc warrior hits you with a flail!
You die...

#.. #.........#
#.. #<..###...#
##(.###...###..##
...........>...#
..........))...#
#............#
####.##.........#
#....##h...####.#
.#..@.........#
........o##.######
#...#######.# ...
#.# # #.# #.#
#.###### #.....<#
#......#


You could see an orc warrior and a jackal.

Vanquished Creatures
  An ogre (D:4)
  A centaur (D:4)
  A crimson imp (D:5)
  Crazy Yiuf (D:2)
  Terence (D:2)
  A worker ant (D:4)
  An adder (D:5)
  2 gnolls (D:5)
  2 oozes (D:2)
  3 dart slugs
  3 orcs
  3 ball pythons
  9 bats
  2 giant cockroaches
  7 goblins
  6 hobgoblins
  2 quokkas
  6 frilled lizards
  2 kobolds
  A quokka skeleton (D:4)
  4 rats
59 creatures vanquished.

Notes
Turn   | Place    | Note
-------+----------+-------------------------------------------
     0 | D:1      | homeworkjunkie the Hill Orc Fighter began the quest for the Orb.
     0 | D:1      | Reached XP level 1. HP: 19/19 MP: 1/1
   125 | D:2      | Reached XP level 2. HP: 25/27 MP: 2/2
   129 | D:2      | Reached skill level 3 in Axes
   312 | D:2      | Reached XP level 3. HP: 33/33 MP: 3/3
   326 | D:2      | Found a runed door.
   330 | D:2      | Noticed Crazy Yiuf
   338 | D:2      | Killed Crazy Yiuf
   594 | D:2      | Reached XP level 4. HP: 40/40 MP: 4/4
   691 | D:5      | Entered Level 5 of the Dungeon
   706 | D:5      | Reached skill level 4 in Axes
  1057 | D:4      | Found Qymimn's Distillery.
  1473 | D:2      | Noticed Terence
  1479 | D:2      | Killed Terence
  1555 | D:2      | Reached XP level 5. HP: 46/46 MP: 5/5
  2506 | D:4      | Noticed a centaur
  2513 | D:4      | Killed a centaur
  2513 | D:4      | Reached skill level 5 in Axes
  2516 | D:4      | Got a transparent ring mail
  2527 | D:4      | Identified the +1 ring mail of the Teacher {rPois Int+6 Dex-3} (You found it on level 4 of the Dungeon)
  2720 | D:4      | Reached XP level 6. HP: 52/52 MP: 6/6
  2832 | D:4      | Found a deep blue altar of Sif Muna.
  3157 | D:4      | Found an iron altar of Okawaru.
  3235 | D:4      | Became a worshipper of Warmaster Okawaru
  3251 | D:4      | Found a radiant altar of Vehumet.
  3309 | D:4      | Found a glowing silver altar of Zin.
  3494 | D:6      | Noticed an orc warrior
  3513 | D:5      | Mangled by an orc warrior

Skill      XL: |  1  2  3  4  5 |
---------------+----------------+-----
Axes           | 3 4 5 |  5.8
Fighting       | 4 |  4.3
Shields        | 4 |  4.8
Armour         | 4 |  4.8
Dodging        | |  0.7
Stealth        | |  0.5

Action                   |  1- 3 |  4- 6 || total
-------------------------+-------+-------++-------
Melee: War axe           |    70 |   124 ||   194
  Use: Scroll            |     3 |     8 ||    11
       Potion            |     2 |     4 ||     6
  Eat: Bread ration      |       |     3 ||     3
       Fruit             |       |     1 ||     1
Armor: Scale mail        |    37 |    52 ||    89
Dodge: Dodged            |    20 |    40 ||    60
Block: Shield            |    46 |    60 ||   106
